 Dungeon Crawl Stone Soup version 0.19.5 (webtiles) character file.

64487 kae the Fencer (level 14, 0/132 HPs)
             Began as a Minotaur Fighter on Apr 22, 2017.
             Was a High Priest of Okawaru.
             Slain by a death knight
             ... wielding a +0 halberd
              (28 damage)
             ... on level 13 of the Dungeon.
             The game lasted 00:30:27 (19670 turns).

kae the Fencer (Minotaur Fighter)                  Turns: 19670, Time: 00:30:28

Health: 0/132      AC: 25    Str: 24    XL:     14   Next: 72%
Magic:  21/21      EV: 13    Int: 10    God:    Okawaru [*****.]
Gold:   1962       SH:  3    Dex: 10    Spells: 0 memorised, 13 levels left

rFire  + . .     SeeInvis .     a - +10 great sword "Killer Klown's Peril" {slice, Int+3}
rCold  . . .     Gourm    .     B - +4 leather armour of the Earth {rF+ Regen+}
rNeg   . . .     Faith    .     (shield currently unavailable)
rPois  +         Spirit   .     (helmet unavailable)
rElec  .         Reflect  +     y - +1 cloak
rCorr  .         Harm     .     t - +2 pair of gloves
MR     .....                    C - +2 pair of boots
Stlth  ++........               k - +3 amulet of reflection
                                r - ring of poison resistance
                                s - +5 ring of protection

@: vulnerable, heroism, slowed, drained, very slow
A: retaliatory headbutt, horns 3
a: Heroism, Finesse, Renounce Religion


You were on level 13 of the Dungeon.
You worshipped Okawaru.
Okawaru was extremely pleased with you.
You were very hungry.

You visited 3 branches of the dungeon, and saw 20 of its levels.
You also visited: Labyrinth and Ice Cave.

You collected 2062 gold pieces.
You spent 100 gold pieces at shops.

Inventory:

Hand Weapons
 a - the +10 great sword "Killer Klown's Peril" (weapon) {slice, Int+3}
   (Okawaru gifted it to you on level 1 of the Lair of Beasts)

   It inflicts extra damage upon your enemies.
   It affects your intelligence (+3).
 b - a +2 great sword of venom
 I - the +9 scimitar of the Six Songs {drain, Int+4}
   (Okawaru gifted it to you on level 12 of the Dungeon)

   A truly terrible weapon, it drains the life of those it strikes.
   It affects your intelligence (+4).
 Z - the +5 great sword of Ganir {slice, *Slow rPois Dex+3}
   (Okawaru gifted it to you on level 6 of the Lair of Beasts)

   It inflicts extra damage upon your enemies.
   It affects your dexterity (+3).
   It protects you from poison.
   It may slow you when you take damage.
Armour
 t - a +2 pair of gloves (worn)
 y - a +1 cloak (worn)
 B - the +4 leather armour of the Earth (worn) {rF+ Regen+}
   (You found it on level 5 of the Dungeon)

   It protects you from fire.
   It increases your rate of regeneration.
 C - a +2 pair of boots (worn)
 L - the +0 scale mail of the Stars {rC+ Dex+4}
   (You found it on level 4 of the Lair of Beasts)

   It affects your dexterity (+4).
   It protects you from cold.
Jewellery
 i - a +5 ring of intelligence
 k - a +3 amulet of reflection (around neck)
 l - the ring of Midsummer {rN+ MR- Dex+6}
   (You found it in an ice cave)

   [ring of positive energy]

   It affects your dexterity (+6).
   It protects you from negative energy.
   It affects your resistance to hostile enchantments.
 r - a ring of poison resistance (right hand)
 s - a +5 ring of protection (left hand)
 u - a +2 ring of protection
 x - an uncursed amulet of harm
 D - a +3 ring of protection
Wands
 c - a wand of flame (7/48)
 n - a wand of disintegration (14/24)
 F - a wand of lightning (5/15)
 Q - a wand of iceblast (3/15)
 R - a wand of lightning (5/15)
 S - a wand of digging (7/24)
 T - a wand of iceblast (14/15)
 W - a wand of random effects (10/48)
 X - a wand of flame (28/48)
Scrolls
 d - 12 scrolls of remove curse
 e - 4 scrolls of magic mapping
 o - 8 scrolls of teleportation
 p - 3 scrolls of enchant armour
 E - a scroll of blinking
 M - a scroll of amnesia
 N - 3 scrolls of recharging
 P - a scroll of fog {unknown}
Potions
 g - 4 potions of resistance
 h - 8 potions of curing
 j - 5 potions of heal wounds
 q - 6 potions of flight
 v - 3 potions of berserk rage
 w - 2 potions of cancellation
 z - 3 potions of lignification
 J - a potion of mutation
 K - 3 potions of cure mutation
 V - 3 potions of brilliance
Books
 O - a book of Necromancy

   Spells                             Type                      Level
   a - Pain                           Necromancy                   1
   b - Animate Skeleton               Necromancy                   1
   c - Vampiric Draining              Necromancy                   3
   d - Regeneration                   Charms/Necromancy            3
   e - Animate Dead                   Necromancy                   4
   f - Control Undead                 Necromancy                   4
Comestibles
 f - 12 bread rations
 m - 4 beef jerkies
 A - 9 meat rations
 G - 7 slices of pizza
 H - 8 royal jellies
 Y - 9 fruits


   Skills:
 + Level 14.1(18.6) Fighting
 * Level 19.0(23.5) Long Blades
 + Level 14.3(18.8) Armour
   Level 3.6(8.2) Shields
 + Level 11.1(10.7) Invocations


You had 13 spell levels left.
You didn't know any spells.

Dungeon Overview and Level Annotations

Branches:
Dungeon (13/15)            Temple (1/1) D:6            Lair (6/6) D:10
 Shoals (0/4) Lair:4        Snake (0/4) Lair:3        Slime (0/5) Lair:6
    Orc (0/2) D:10         Vaults (0/5) D:13

Altars:
Ashenzari
Cheibriados
Dithmenos
Elyvilon
Fedhas
Gozag
Hepliaklqana
Kikubaaqudgha
Makhleb
Nemelex Xobeh
Okawaru
Qazlal
Ru
Sif Muna
Trog
Uskayaw
Vehumet
Xom
Yredelemnul
Zin
The Shining One
Jiyva

Shops:
D:7 *   D:8 !   D:11 *

Annotations:
Lair:4 exclusion: hydra
Lair:5 exclusion: 3 oklob plants


Innate Abilities, Weirdness & Mutations

You reflexively headbutt those who attack you in melee.
You have a pair of large horns on your head.


Message History

* * * LOW HITPOINT WARNING * * *
The wraith drains your vigour!
You feel yourself slow down. The wraith closely misses you.
You riposte.
You carve the wraith like a ham!!!
You destroy the wraith!
Okawaru accepts your kill.
Your base Long Blades skill increases to level 19!
The phantasmal warrior blinks!
The death knight invokes the aid of Yredelemnul against you.
Your body is wracked with pain!
* * * LOW HITPOINT WARNING * * *
The death knight hits you but does no damage.
The phantasmal warrior closely misses you.
You riposte.
You hit the phantasmal warrior.
You headbutt the phantasmal warrior, but do no damage.
The phantasmal warrior is severely damaged.
The phantasmal warrior hits you but does no damage.
The death knight hits you but does no damage.
The phantasmal warrior blinks!
The death knight hits you from afar with a halberd!!
You die...

.†.§....##.....# #
...#(#..##.###.# .#
..∩#...........###.#
.###.#.##........#.#
.......#####.###...#.#
.#.#.#.# #..W...##.#
..:....# ####p.## .#
.....#.. ##W# .#
####.##. ## ##@## .#
.##.###.###...##.#
##........###...# #
#.#.....## ##.##.#
#.......<# #....#
#...†.## ##.####
#......#)###†##
#.###.###.(..# ##
####.##


You could see a death knight, a phantasmal warrior and a wraith.

Vanquished Creatures
  Rupert (Lair:6)
  Gastronok (D:10)
  The ghost of IjonTichy1 the Frost Mage, a journeyman HuIE of Hepliaklqana (D:13)
  A fire dragon (Lair:1)
  A minotaur (Lab)
  Josephine (D:10)
  7 hydras
  2 ice dragons (IceCv)
  6 death yaks
  A tengu warrior (D:11)
  Pikel (D:7)
  3 hill giants
  An oklob plant (Lair:5)
  2 ugly things
  An elephant (shapeshifter) (D:13)
  19 elephants
  2 ice statues (IceCv)
  Psyche (D:8)
  2 black mambas
  9 spiny frogs
  A torpor snail (Lair:3)
  A gargoyle (D:10)
  4 rime drakes
  6 komodo dragons
  A rime drake (shapeshifter) (D:13)
  A troll (D:7)
  5 polar bears
  A tengu conjurer (D:11)
  A two-headed ogre (D:10)
  4 hornets (Lair:6)
  A queen bee (D:11)
  9 blink frogs
  5 dream sheep (Lair:6)
  9 hippogriffs
  A snapping turtle (Lair:4)
  2 redbacks (Lair:6)
  5 wraiths
  14 spriggans (Lair:6)
  34 yaks
  2 wyverns (D:8)
  A basilisk (Lair:2)
  4 vampire mosquitoes (D:13)
  2 hungry ghosts (D:8)
  A mottled dragon (shapeshifter) (D:13)
  Menkaure (D:7)
  5 nagas (Lair:3)
  10 water moccasins
  9 porcupines
  2 black bears
  4 slaves (D:7)
  2 phantoms
  10 orc warriors
  15 ice beasts
  A sky beast (D:9)
  3 boggarts (Lair:6)
  11 crocodiles
  11 centaurs
  17 wolves (Lair:6)
  3 ogres
  9 bullfrogs
  A wyvern zombie (D:7)
  4 scorpions
  23 killer bees
  9 wights (D:9)
  11 howler monkeys
  An electric eel (Lair:4)
  6 crimson imps
  4 lava snakes (Lab)
  A quasit (D:5)
  3 centaur zombies
  6 jellies
  A bullfrog zombie (D:12)
  4 orc priests
  A centaur skeleton (D:9)
  4 hounds
  Crazy Yiuf (D:5)
  3 iguanas
  3 orc wizards
  6 hell rats (Lair:5)
  9 worker ants
  A killer bee zombie (D:7)
  A worker ant zombie (D:10)
  7 gnolls
  10 adders
  A howler monkey skeleton (D:10)
  4 river rats (D:10)
  4 shadow imps
  12 white imps (Lair:3)
  3 adder zombies
  A worm (D:2)
  7 leopard geckos
  38 orcs
  7 bats
  4 giant cockroaches
  7 hobgoblins
  14 jackals
  A quokka (D:5)
  2 frilled lizards
  9 goblins
  A jackal skeleton (D:4)
  5 kobolds
  2 leopard gecko skeletons
  A quokka zombie (D:7)
  4 rats
538 creatures vanquished.

Vanquished Creatures (others)
  9 fungi
  2 plants
11 creatures vanquished.

Grand Total: 549 creatures vanquished

Notes
Turn   | Place    | Note
-------+----------+-------------------------------------------
     0 | D:1      | kae the Minotaur Fighter began the quest for the Orb.
     0 | D:1      | Reached XP level 1. HP: 19/19 MP: 0/0
   162 | D:1      | Reached skill level 3 in Long Blades
   164 | D:1      | Reached XP level 2. HP: 27/27 MP: 1/1
   666 | D:2      | Reached XP level 3. HP: 33/33 MP: 2/2
  1061 | D:2      | Reached skill level 4 in Long Blades
  1699 | D:3      | Reached XP level 4. HP: 40/40 MP: 3/3
  2196 | D:4      | Reached skill level 5 in Long Blades
  2196 | D:4      | Reached XP level 5. HP: 35/47 MP: 4/4
  2314 | D:4      | Noticed an ogre
  2323 | D:4      | Killed an ogre
  2323 | D:4      | Reached skill level 5 in Fighting
  2369 | D:4      | Reached skill level 5 in Armour
  2369 | D:4      | Reached XP level 6. HP: 41/56 MP: 5/5
  2636 | D:4      | Reached skill level 6 in Long Blades
  2748 | D:5      | Entered Level 5 of the Dungeon
  3046 | D:5      | Reached XP level 7. HP: 40/62 MP: 6/6
  3056 | D:5      | Reached skill level 7 in Long Blades
  3733 | D:5      | Found a runed door.
  3948 | D:5      | Noticed Crazy Yiuf
  3959 | D:5      | Killed Crazy Yiuf
  4007 | D:5      | Got a heavily runed leather armour
  4018 | D:5      | Identified the +4 leather armour of the Earth {rF+ Regen+} (You found it on level 5 of the Dungeon)
  4153 | D:6      | Found a staircase to the Ecumenical Temple.
  4224 | Temple   | Entered the Ecumenical Temple
  4319 | Temple   | Became a worshipper of Warmaster Okawaru
  4632 | D:6      | Reached skill level 8 in Long Blades
  5039 | D:7      | Reached XP level 8. HP: 67/71 MP: 7/7
  5271 | D:7      | Reached skill level 1 in Invocations
  5310 | D:7      | Noticed a troll
  5320 | D:7      | Killed a troll
  5320 | D:7      | Reached skill level 9 in Long Blades
  5375 | D:7      | Noticed Pikel
  5504 | D:7      | Noticed Menkaure
  5513 | D:7      | Killed Menkaure
  5513 | D:7      | Reached * piety under Okawaru
  5541 | D:7      | Killed Pikel
  5541 | D:7      | Reached skill level 10 in Long Blades
  5541 | D:7      | Reached XP level 9. HP: 71/80 MP: 8/10
  5546 | D:7      | Reached ** piety under Okawaru
  5906 | D:7      | Found Kessuej's General Store.
  5925 | D:7      | Bought a potion of lignification for 33 gold pieces
  6125 | D:8      | Noticed Psyche
  6132 | D:8      | Killed Psyche
  6172 | D:8      | Found Iqecuif's Distillery.
  6185 | D:8      | Bought a potion of mutation for 37 gold pieces
  6185 | D:8      | Bought 2 potions of degeneration for 30 gold pieces
  6216 | D:8      | Reached skill level 11 in Long Blades
  6303 | D:8      | Reached *** piety under Okawaru
  6609 | D:8      | Noticed a hill giant
  6628 | D:8      | Killed a hill giant
  6628 | D:8      | Reached skill level 5 in Invocations
  6628 | D:8      | Reached XP level 10. HP: 90/90 MP: 10/12
  6857 | D:9      | Reached skill level 12 in Long Blades
  7121 | D:9      | Identified the Compendium of Gliding Heat
  7441 | D:9      | Reached **** piety under Okawaru
  7986 | D:10     | Entered Level 10 of the Dungeon
  7989 | D:10     | Identified a scroll of acquirement
  7990 | D:10     | Got a pitted hunting sling
  8066 | D:10     | Found a shimmering altar of Xom.
  8221 | D:10     | Reached ***** piety under Okawaru
  8221 | D:10     | Reached skill level 13 in Long Blades
  8263 | D:10     | Found a staircase to the Lair.
  8334 | D:10     | Noticed a hill giant
  8344 | D:10     | Killed a hill giant
  8344 | D:10     | Received a gift from Okawaru
  8344 | D:10     | Reached skill level 10 in Fighting
  8344 | D:10     | Reached skill level 10 in Armour
  8344 | D:10     | Reached XP level 11. HP: 49/99 MP: 14/14
  8347 | D:10     | Got a shimmering hat {god gift}
  8428 | D:10     | Noticed Josephine
  8439 | D:10     | Killed Josephine
  8500 | D:10     | Noticed Gastronok
  8529 | D:10     | Killed Gastronok
  8529 | D:10     | Reached skill level 14 in Long Blades
  8572 | D:10     | Identified the +0 hat of a ziggurat {+Blink} (Okawaru gifted it to you on level 10 of the Dungeon)
  9003 | D:10     | Found a staircase to the Orcish Mines.
  9344 | Lair:1   | Entered Level 1 of the Lair of Beasts
  9418 | Lair:1   | Received a gift from Okawaru
  9430 | Lair:1   | Got a bloodstained great sword {god gift}
  9499 | Lair:1   | Identified the +10 great sword "Killer Klown's Peril" {slice, Int+3} (Okawaru gifted it to you on level 1 of the Lair of Beasts)
  9653 | Lair:1   | Noticed a fire dragon
  9665 | Lair:1   | Killed a fire dragon
  9665 | Lair:1   | Reached XP level 12. HP: 68/110 MP: 13/17
 10109 | Lair:2   | Noticed a five-headed hydra
 10115 | Lair:2   | Killed a seven-headed hydra
 10115 | Lair:2   | Reached skill level 15 in Long Blades
 10621 | Lair:2   | Reached ****** piety under Okawaru
 11337 | Lair:3   | Found a frozen archway.
 11353 | Lair:3   | Received a gift from Okawaru
 11446 | IceCv    | Entered an ice cave
 11643 | IceCv    | Noticed an ice dragon
 11644 | IceCv    | Noticed an ice dragon
 11662 | IceCv    | Killed an ice dragon
 12028 | IceCv    | Killed an ice dragon
 12028 | IceCv    | Reached skill level 16 in Long Blades
 12140 | IceCv    | Got a translucent turquoise ring
 12384 | Lair:3   | Noticed a death yak
 12399 | Lair:3   | Killed a death yak
 12772 | Lair:3   | Received a gift from Okawaru
 12822 | Lair:3   | Found a staircase to the Snake Pit.
 13278 | Lair:4   | Reached XP level 13. HP: 118/118 MP: 18/18
 13321 | Lair:4   | Found a labyrinth entrance.
 13328 | Lab      | Entered a labyrinth
 13824 | Lab      | Identified the ring of Midsummer {rN+ MR- Dex+6} (You found it in an ice cave)
 14010 | Lab      | Noticed a minotaur
 14016 | Lab      | Killed a minotaur
 14593 | Lair:4   | Found a staircase to the Shoals.
 14830 | Lair:4   | Got a steaming scale mail
 14841 | Lair:4   | Identified the +0 scale mail of the Stars {rC+ Dex+4} (You found it on level 4 of the Lair of Beasts)
 15187 | Lair:5   | Received a gift from Okawaru
 15233 | Lair:5   | Reached skill level 17 in Long Blades
 15827 | Lair:6   | Entered Level 6 of the Lair of Beasts
 15998 | Lair:6   | Paralysed by a hornet for 2 turns
 16010 | Lair:6   | Reached skill level 10 in Invocations
 16310 | Lair:6   | Received a gift from Okawaru
 16323 | Lair:6   | Reached XP level 14. HP: 97/129 MP: 20/20
 16445 | Lair:6   | Noticed Rupert
 16460 | Lair:6   | Killed Rupert
 16705 | Lair:6   | Reached skill level 18 in Long Blades
 16997 | Lair:6   | Received a gift from Okawaru
 17009 | Lair:6   | Got an iridescent great sword {god gift}
 17133 | Lair:6   | Identified the +5 great sword of Ganir {slice, *Slow rPois Dex+3} (Okawaru gifted it to you on level 6 of the Lair of Beasts)
 17562 | Lair:6   | Gained mutation: You have a pair of large horns on your head. [potion of beneficial mutation]
 17980 | Lair:6   | Found a viscous altar of Jiyva.
 17980 | Lair:6   | Found a staircase to the Slime Pits.
 18630 | D:11     | Found Lufakkeyrgh's Changing Room.
 19280 | D:12     | Received a gift from Okawaru
 19283 | D:12     | Got a pitted scimitar {god gift}
 19284 | D:12     | Identified the +9 scimitar of the Six Songs {drain, Int+4} (Okawaru gifted it to you on level 12 of the Dungeon)
 19419 | D:13     | Noticed IjonTichy1's ghost (journeyman HuIE)
 19435 | D:13     | Killed IjonTichy1's ghost
 19638 | D:13     | Found a gate to the Vaults.
 19663 | D:13     | Reached skill level 19 in Long Blades
 19670 | D:13     | Slain by a death knight

Skill      XL: |  1  2  3  4  5  6  7  8  9 10 11 12 13 14 |
---------------+-------------------------------------------+-----
Long Blades    | 3 4 5 6 8 10 11 13 14 16 17 19 | 19.0
Fighting       | 4 5 6 7 8 10 11 12 13 14 | 14.1
Armour         | 4 5 6 7 8 10 11 12 13 14 | 14.3
Invocations    | 3 5 6 8 9 10 11 | 11.1
Shields        | |  3.6

Action                   |  1- 3 |  4- 6 |  7- 9 | 10-12 | 13-15 || total
-------------------------+-------+-------+-------+-------+-------++-------
Melee: Long sword        |    93 |   108 |   290 |   375 |       ||   866
       Headbutt          |    17 |    19 |    63 |   132 |   135 ||   366
       Great sword       |       |       |       |   200 |   527 ||   727
Invok: Heroism           |       |       |     3 |    16 |    22 ||    41
       Finesse           |       |       |       |       |     3 ||     3
  Use: Potion            |       |     1 |     2 |     4 |     4 ||    11
       Scroll            |       |       |    13 |     9 |    14 ||    36
 Stab: Invisible         |       |       |     1 |       |       ||     1
       Distracted        |       |       |     1 |       |       ||     1
       Sleeping          |       |       |       |       |     2 ||     2
  Eat: Chunk             |     2 |     5 |    15 |    21 |    16 ||    59
       Fruit             |       |       |     2 |       |       ||     2
       Bread ration      |       |       |       |       |     1 ||     1
Armor: Scale mail        |    43 |    38 |    24 |       |       ||   105
       Leather armour    |       |       |    81 |   224 |   374 ||   679
       Skin              |       |       |       |    10 |       ||    10
Dodge: Dodged            |    24 |    30 |    81 |   182 |   387 ||   704
Block: Shield            |    49 |    43 |   124 |   100 |       ||   316
       Other             |       |       |       |    17 |    71 ||    88
       Reflection        |       |       |       |       |     3 ||     3
       Rpst.: Long sword |     5 |     8 |    24 |    23 |       ||    60
       Great sword       |       |       |       |    22 |    78 ||   100
